 Dungeon Crawl Stone Soup version 0.24.0-37-gcf1ca852f1 (webtiles) character file.

Game seed: 11406632762681427674, levelgen mode: deterministic

37464 Ponchio the Thaumaturge (level 13, -10/87 HPs)
             Began as a Gargoyle Earth Elementalist on Nov 29, 2019.
             Was a High Priest of Vehumet.
             Mangled by a death yak (19 damage)
             ... on level 6 of the Lair of Beasts.
             The game lasted 02:08:32 (21470 turns).

Ponchio the Thaumaturge (GrEE)                     Turns: 21470, Time: 02:08:32

Health: -10/87     AC: 17    Str: 12    XL:     13   Next: 96%
Magic:  5/31       EV: 12    Int: 21    God:    Vehumet [*****.]
Gold:   856        SH:  0    Dex: 10    Spells: 20/41 levels left

rFire    . . .     SeeInvis .   j - +5 dagger (venom)
rCold    . . .     Gourm    .   (no shield)
rNeg     + . .     Faith    .   c - +1 robe
rPois    ∞         Spirit   .   A - +1 hat {MR+}
rElec    +         Reflect  .   v - +1 cloak
rCorr    .         Harm     .   K - +0 pair of gloves
MR       ++...                  D - +0 pair of boots {Stlth+}
Stlth    +++.......             i - amulet of the acrobat
HPRegen  0.24/turn              f - ring of wizardry
MPRegen  0.22/turn              O - ring of protection from magic

@: no status effects
A: negative energy resistance 1, electricity resistance, unbreathing,
petrification resistance, rot immunity, AC +9
a: Renounce Religion


You were on level 6 of the Lair of Beasts.
You worshipped Vehumet.
Vehumet was extremely pleased with you.
You were very hungry.

You visited 3 branches of the dungeon, and saw 15 of its levels.
You also visited: Sewer.

You collected 856 gold pieces.

Inventory:

Hand Weapons
 j - a +5 dagger of venom (weapon)
Missiles
 b - 193 stones (quivered)
Armour
 c - a +1 robe (worn)
 v - a +1 cloak (worn)
 A - a +1 hat of magic resistance (worn)
 D - a +0 pair of boots of stealth (worn)
 K - a +0 pair of gloves (worn)
Magical Staves
 F - an uncursed staff of air
Jewellery
 f - a ring of wizardry (left hand)
 i - an amulet of the acrobat (around neck)
 n - an uncursed amulet of magic regeneration
 z - an uncursed ring of protection from fire
 O - a ring of protection from magic (right hand)
Wands
 x - a wand of polymorph (10)
 y - a wand of random effects (14)
 C - a wand of flame (32)
 L - a wand of paralysis (8)
 N - a wand of iceblast (8)
Scrolls
 a - 4 scrolls of fog
 g - 3 scrolls of magic mapping
 k - 11 scrolls of remove curse
 m - 3 scrolls of teleportation
 E - 3 scrolls of amnesia
 H - 2 scrolls of enchant armour
 J - a scroll of immolation
 P - 3 scrolls of fear
Potions
 e - 2 potions of heal wounds
 h - a potion of resistance
 l - 7 potions of curing
 o - 2 potions of brilliance
 q - 3 potions of mutation
 r - 3 potions of might
 s - 4 potions of flight
 t - 3 potions of ambrosia
 u - 2 potions of agility
 w - a potion of lignification
 B - 2 potions of haste
 I - a potion of magic
 M - a potion of berserk rage
 Q - a potion of cancellation {unknown}
Comestibles
 d - 14 rations


   Skills:
 + Level 12.4 Fighting
 - Level 1.5 Dodging
 - Level 2.1 Stealth
 * Level 14.7 Spellcasting
 * Level 4.7 Conjurations
 - Level 0.7 Transmutations
 + Level 14.0 Earth Magic


You had 20 spell levels left.
You knew the following spells:

 Your Spells              Type           Power        Failure   Level  Hunger
a - Sandblast             Erth           ######       0%          1    None
b - Passwall              Tmut/Erth      #####...     1%          2    None
c - Stone Arrow           Conj/Erth      ######       1%          3    None
d - Petrify               Tmut/Erth      #####...     1%          4    None
e - Lee's Rapid Deconstr  Erth           ######....   1%          5    ###....
f - Iron Shot             Conj/Erth      ######....   1%          6    #####..

Your spell library contained the following spells:

 Spells                   Type           Power        Failure   Level  Hunger
 Confusing Touch          Hex            ###...       1%          1    None
 Shock                    Conj/Air       ####         1%          1    None
 Static Discharge         Conj/Air       ####....     1%          3    None
 Leda's Liquefaction      Hex/Erth       #####.....   1%          4    None
 Corpse Rot               Necr           N/A          2%          2    None
 Swiftness                Chrm/Air       ###.....     2%          2    None
 Confuse                  Hex            ###.....     4%          3    None
 Gell's Gravitas          Tloc           ###.......   4%          3    None
 Airstrike                Air            ###.......   4%          4    None
 Lightning Bolt           Conj/Air       ####......   4%          5    ###....
 Yara's Violent Unravell  Hex/Tmut       ###.......   11%         5    ###....
 Cause Fear               Hex            ###.......   16%         4    None
 Metabolic Englaciation   Hex/Ice        ###.......   38%         5    ###....
 Silence                  Hex/Air        ###.......   38%         5    ###....
 Summon Forest            Summ/Tloc      ###.......   38%         5    ###....
 Hydra Form               Tmut           ###.......   86%         6    #####..
 Deflect Missiles         Chrm/Air       ###.......   91%         6    #####..
 Summon Hydra             Summ           ###.......   100%        7    ######.
 Discord                  Hex            ###.......   100%        8    #######


Dungeon Overview and Level Annotations

Branches:
Dungeon (8/15)             Temple (1/1) D:5            Lair (6/6) D:8
  Swamp (0/4) Lair:3       Spider (0/4) Lair:2        Slime (0/5) Lair:6
  Sewer (visited)

Altars:
Ashenzari
Cheibriados
Dithmenos
Elyvilon
Fedhas
Gozag
Hepliaklqana
Kikubaaqudgha
Makhleb
Nemelex Xobeh
Okawaru
Qazlal
Ru
Sif Muna
Trog
Vehumet
Wu Jian
Xom
Yredelemnul
Zin
The Shining One

Shops:
D:4 *


Innate Abilities, Weirdness & Mutations

You are resistant to torment.
Your stone body is resilient. (AC +9)
You are immune to poison.
You resist negative energy. (rN+)
You are resistant to electric shocks. (rElec)
You can survive without breathing.
You are immune to petrification.
You are immune to rotting.


Message History

Press: ? - help, Shift-Dir - straight line, f/p - death yak
Aim: a death yak (moderately wounded)
The iron shot hits the death yak!!
The death yak is severely wounded.
You are feeling very hungry.
The death yak gores you!
* * * LOW HITPOINT WARNING * * *
Casting: Iron Shot (safe; 1% risk of failure)
Confirm with . or Enter, or press ? or * to list all spells.
You don't know that spell.
Unknown command.
Casting: Iron Shot (safe; 1% risk of failure)
Confirm with . or Enter, or press ? or * to list all spells.
Aiming: Iron Shot (safe; 1% risk of failure)
Press: ? - help, Shift-Dir - straight line, f/p - death yak
Aim: a death yak (severely wounded)
The iron shot hits the death yak!!
The death yak is almost dead.
The death yak gores you!!
You die...

... #....# #...#
.....# #.... #....#
#...###....# ....
##...##....P# .....#
##.#.##......# ......
##............#
......##.............#
................@...##
........#...P...Y...##
#.....P.#....PPP.....#
..............###....#
..............##P...##
..............#.....#
..............##....#
....................#
P...................#


You could see a death yak.

Vanquished Creatures
  Gastronok (Lair:2)
  A hydra (Lair:1)
  4 death yaks (Lair:5)
  Urug (Lair:6)
  Pikel (D:6)
  4 oklob plants (Lair:6)
  6 elephants (Lair:3)
  4 black mambas
  A torpor snail (Lair:4)
  7 spiny frogs
  3 rime drakes
  4 komodo dragons
  4 jumping spiders (Lair:2)
  2 polar bears (Lair:6)
  16 blink frogs
  5 dream sheep (Lair:4)
  A slime creature (Lair:2)
  12 hippogriffs
  4 redbacks (Lair:2)
  36 yaks
  4 basilisks
  8 water moccasins
  11 porcupines
  2 ice beasts
  A slave (D:5)
  4 orc warriors
  2 black bears
  A phantom (D:8)
  3 ogres
  28 wolves
  9 crocodiles
  2 big kobolds
  10 bullfrogs
  A wyvern skeleton (D:6)
  3 scorpions (D:8)
  3 killer bees (D:8)
  2 howler monkeys
  An electric eel (Lair:6)
  5 crimson imps
  11 jellies
  A bullfrog skeleton (D:8)
  6 hounds
  4 orc priests
  A gnoll shaman (D:4)
  8 orc wizards
  3 iguanas
  9 worker ants
  2 hound zombies
  A worker ant zombie (D:5)
  6 adders
  9 gnolls
  5 river rats (Sewer)
  5 shadow imps
  19 oozes
  An adder skeleton (D:6)
  An adder zombie (D:6)
  4 worms
  2 dart slugs
  6 leopard geckos
  27 orcs
  5 ball pythons (Sewer)
  14 giant cockroaches
  8 goblins
  2 hobgoblins (D:1)
  16 jackals
  31 kobolds
  3 quokkas
  A ball python skeleton (D:4)
  8 bats
  7 frilled lizards
  A giant cockroach zombie (D:5)
  A leopard gecko skeleton (D:5)
  A quokka zombie (D:7)
  35 rats
  4 fungi
  2 plants
487 creatures vanquished.

Vanquished Creatures (collateral kills)
  A spiny frog (Lair:6)
  3 crocodiles (Lair:6)
4 creatures vanquished.

Vanquished Creatures (others)
  A bush (Lair:6)
  21 fungi
  10 plants
32 creatures vanquished.

Grand Total: 523 creatures vanquished

Notes
Turn   | Place    | Note
-------+----------+-------------------------------------------
     0 | D:1      | Ponchio the Gargoyle Earth Elementalist began the quest for
                  | the Orb.
     0 | D:1      | Reached XP level 1. HP: 10/10 MP: 3/3
   191 | D:1      | Reached XP level 2. HP: 11/15 MP: 3/5
   501 | D:1      | Reached XP level 3. HP: 19/19 MP: 4/7
  1070 | D:2      | Found a glowing silver altar of Zin.
  1308 | D:2      | Reached XP level 4. HP: 17/24 MP: 6/9
  1350 | D:2      | Found an opulent altar of Gozag.
  1962 | D:3      | Reached XP level 5. HP: 25/28 MP: 3/11
  2227 | D:3      | Found a shimmering blue altar of Sif Muna.
  2298 | D:3      | Reached skill level 5 in Earth Magic
  2314 | D:4      | Reached XP level 6. HP: 20/32 MP: 8/13
  2473 | D:4      | Reached skill level 5 in Spellcasting
  2485 | D:3      | Learned a level 2 spell: Passwall
  2489 | D:3      | Learned a level 3 spell: Stone Arrow
  2494 | D:3      | Learned a level 4 spell: Petrify
  2500 | D:3      | Learned a level 5 spell: Lee's Rapid Deconstruction
  2668 | D:4      | Noticed a water moccasin
  2795 | D:4      | Found Oseymyuzett's Assorted Antiques.
  2914 | D:4      | Reached XP level 7. HP: 36/36 MP: 9/15
  3122 | D:4      | Noticed a moth of wrath
  3124 | D:4      | Found a bloodstained altar of Trog.
  3406 | D:5      | Entered Level 5 of the Dungeon
  3552 | D:5      | Found a glowing drain.
  3564 | Sewer    | Entered a sewer
  3775 | Sewer    | Reached XP level 8. HP: 41/41 MP: 10/18
  4353 | D:5      | Found a staircase to the Ecumenical Temple.
  4366 | Temple   | Entered the Ecumenical Temple
  4382 | Temple   | Became a worshipper of Vehumet
  5352 | D:6      | Found a blossoming altar of Fedhas.
  5747 | D:6      | Noticed Pikel
  5840 | D:6      | Reached * piety under Vehumet
  5840 | D:6      | Offered knowledge of Freeze by Vehumet.
  5892 | D:6      | Reached XP level 9. HP: 45/45 MP: 15/21
  6201 | D:6      | Killed Pikel
  6429 | D:7      | Reached skill level 10 in Spellcasting
  6435 | D:7      | Reached ** piety under Vehumet
  6435 | D:7      | Offered knowledge of Sting by Vehumet.
  6906 | D:7      | Reached skill level 10 in Earth Magic
  7169 | D:8      | Reached XP level 10. HP: 50/50 MP: 3/24
  7618 | D:8      | Found a radiant altar of Vehumet.
  7808 | D:8      | Offered knowledge of Conjure Flame by Vehumet.
  7809 | D:8      | Reached skill level 1 in Fighting
  7869 | D:8      | Found a shadowy altar of Dithmenos.
  7914 | D:8      | Found a staircase to the Lair.
  8020 | D:8      | Found a snail-covered altar of Cheibriados.
  8147 | Lair:1   | Entered Level 1 of the Lair of Beasts
  8585 | Lair:1   | Noticed a spiny frog
  8609 | Lair:1   | HP: 2/56 [spiny frog (20)]
  8645 | Lair:1   | Killed a spiny frog
  9592 | Lair:2   | Noticed a black mamba
  9622 | Lair:1   | Reached skill level 5 in Fighting
  9622 | Lair:1   | Reached XP level 11. HP: 56/63 MP: 15/26
  9624 | Lair:1   | Reached *** piety under Vehumet
 10314 | Lair:2   | Noticed a five-headed hydra
 10385 | Lair:1   | Killed a five-headed hydra
 10587 | Lair:2   | Offered knowledge of Force Lance by Vehumet.
 10651 | Lair:2   | HP: 1/67 [komodo dragon (14)]
 10891 | Lair:2   | Noticed Gastronok
 10986 | Lair:2   | Killed Gastronok
 11310 | Lair:2   | Reached XP level 12. HP: 71/75 MP: 17/28
 11720 | Lair:2   | Reached **** piety under Vehumet
 12408 | Lair:2   | Offered knowledge of Dazzling Spray by Vehumet.
 12553 | Lair:2   | Found a hole to the Spider Nest.
 12867 | Lair:3   | Found a staircase to the Swamp.
 12987 | Lair:3   | Found a snail-covered altar of Cheibriados.
 14272 | Lair:4   | Reached skill level 10 in Fighting
 15429 | Lair:4   | Reached XP level 13. HP: 69/84 MP: 30/30
 17019 | Lair:5   | Reached ***** piety under Vehumet
 17391 | Lair:6   | Entered Level 6 of the Lair of Beasts
 17666 | Lair:6   | Noticed Urug
 17674 | Lair:6   | Killed Urug
 17847 | Lair:5   | Offered knowledge of Iron Shot by Vehumet.
 17855 | Lair:5   | Learned a level 6 spell: Iron Shot
 18085 | Lair:5   | Reached skill level 1 in Conjurations
 19234 | Lair:6   | Found a staircase to the Slime Pits.
 21107 | Lair:6   | Noticed a dire elephant
 21470 | Lair:6   | Mangled by a death yak

Levels and vault maps discovered:
D:1:      psy_arrival_wood_between_worlds, layout_rooms, minmay_pentomino_r2
D:2:      layout_basic, nicolae_overflow_crystal_walls,
          nicolae_gozag_seed_capital, first_ration, minmay_statues_item
D:3:      layout_rooms, lemuel_doored_altar
D:4:      layout_gridville, tgw_trog, serial_shops, shop,
          chequers_decorated_corner
D:5:      layout_loops_ring, minmay_temple_entry_waves, portal_sewer_entry_f,
          kennysheep_dice
D:6:      minmay_bubble_buster, layout_basic, fedhas_altar_2, uniq_pikel
D:7:      layout_rooms
D:8:      layout_gridville, lemuel_coloured_pillars_altar,
          grunt_lair_entry_orc_guard_hut, blue_anna_alchemist
          [blue_anna_fruit_fields, blue_anna_fruit_fields],
          hangedman_feature_mirror
Temple:   regret_index_temple_sphere_string
Lair:1:   layout_regular_city, grunt_megastairs_2
Lair:2:   lemuel_slime, layout_chaotic_city, nicolae_spider_entry_tight_spaces,
          uniq_gastronok
Lair:3:   layout_long_grid, swamp_mist, basic_altar
Lair:4:   layout_cave_pods
Lair:5:   layout_regular_city, nicolae_quartered_pool_little
Lair:6:   grunt_lair_end_beastmaster, layout_gridlike,
          nicolae_slime_entry_slimehenge, gammafunk_lair_bear_cave,
          minmay_lair_oklob_chamber, uniq_urug

Skill      XL: |  1  2  3  4  5  6  7  8  9 10 11 12 13 |
---------------+----------------------------------------+-----
Earth Magic    | 4 5 6 7 8 10 11 12 13 14 | 14.0
Spellcasting   | 3 4 5 6 8 10 11 12 13 14 | 14.7
Fighting       | 5 8 10 12 | 12.4
Conjurations   | 4 |  4.7
Dodging        | |  1.5
Stealth        | |  2.1
Transmutations | |  0.7

Action                   |  1- 3 |  4- 6 |  7- 9 | 10-12 | 13-15 || total
-------------------------+-------+-------+-------+-------+-------++-------
Melee: Dagger            |    24 |    10 |   152 |   216 |   218 ||   620
 Cast: Sandblast         |    53 |    93 |    87 |    21 |    36 ||   290
       Stone Arrow       |       |     2 |    33 |    48 |     8 ||    91
       Lee's Rapid Decon |       |       |    45 |   145 |    74 ||   264
       Petrify           |       |       |     2 |    45 |    52 ||    99
       Iron Shot         |       |       |       |       |    26 ||    26
Evoke: Wand              |       |       |       |     3 |     2 ||     5
  Use: Scroll            |       |    14 |    10 |     6 |     8 ||    38
       Potion            |       |       |     1 |     5 |     2 ||     8
 Stab: Sleeping          |       |     1 |     1 |       |       ||     2
       Petrified         |       |       |       |    55 |   109 ||   164
       Petrifying        |       |       |       |     4 |     2 ||     6
  Eat: Chunk             |     1 |     5 |    18 |    18 |    17 ||    59
       Ration            |       |       |     2 |     9 |     4 ||    15
Armor: Robe              |    19 |    11 |    65 |   127 |    93 ||   315
Dodge: Dodged            |    51 |    39 |   110 |   214 |   126 ||   540
